 Dungeon Crawl Stone Soup version 0.24-a0-583-g87330a484a (webtiles) character file.

Game seed: 3746741298859683118, levelgen mode: deterministic

5361 Flugkiller the Nimble (level 10, 0/58 HPs)
             Began as a Felid Transmuter on Aug 28, 2019.
             Was a Priest of Makhleb.
             Slain by a polar bear (2 damage)
             ... on level 2 of the Lair of Beasts.
             The game lasted 00:36:02 (18714 turns).

Flugkiller the Nimble (Felid Transmuter)           Turns: 18714, Time: 00:36:04

Health: 0/58       AC:  7    Str:  9    XL:     10   Next: 39%
Magic:  15/15      EV: 18    Int: 22    God:    Makhleb [***...]
Gold:   735        SH:  0    Dex: 17    Spells: 0/15 levels left
                                        Lives:  0   Deaths: 2

rFire    x . .     SeeInvis +     - Unarmed
rCold    + + +     Gourm    .   (shield unavailable)
rNeg     . . .     Faith    .   (armour unavailable)
rPois    +         Spirit   .   (helmet unavailable)
rElec    .         Reflect  .   (cloak unavailable)
rCorr    +         Harm     .   (gloves unavailable)
MR       +....                  (boots unavailable)
Stlth    +++.......             l - amulet of rage
HPRegen  0.19/turn              i - ring of Jitoes {rCorr Str+3 Stlth+}
MPRegen  0.14/turn              J - +4 ring of intelligence

@: ice-form
A: large, no armour, no weapons or thrown items, stealth, see invisible,
carnivore, slow metabolism 1
a: End Transformation, Minor Destruction, Lesser Servant of Makhleb, Renounce
Religion, Evoke Berserk Rage


You were on level 2 of the Lair of Beasts.
You worshipped Makhleb.
Makhleb was most pleased with you.
You were not hungry.
You were a creature of crystalline ice.
You visited 3 branches of the dungeon, and saw 13 of its levels.

You collected 735 gold pieces.

Inventory:

Missiles
 a - 87 arrows
 D - 6 throwing nets
Jewellery
 h - an uncursed ring of flight
   (You found it on level 7 of the Dungeon)
 i - the ring of Jitoes (left front paw) {rCorr Str+3 Stlth+}
   (You acquired it on level 10 of the Dungeon)

   [ring of resist corrosion]

   It affects your strength (+3).
   It provides partial protection from all sources of acid and corrosion.
   It makes you more stealthy.
 j - a cursed amulet of inaccuracy {unknown}
   (You found it on level 2 of the Dungeon)
 k - an uncursed amulet of the acrobat
   (You took it off a hobgoblin on level 2 of the Dungeon)
 l - an amulet of rage (around neck)
   (You took it off a goblin on level 2 of the Dungeon)
 m - an uncursed ring of stealth
   (You found it on level 3 of the Dungeon)
 p - a +4 amulet of reflection {unknown}
   (You found it on level 3 of the Dungeon)
 q - an uncursed ring of magical power
   (You found it on level 4 of the Dungeon)
 z - an uncursed ring of ice
   (You found it on level 8 of the Dungeon)
 B - an uncursed ring of positive energy {unknown}
   (You found it on level 10 of the Dungeon)
 J - a +4 ring of intelligence (right front paw)
   (You took it off Joseph on level 1 of the Lair of Beasts)
Wands
 u - a wand of digging (5)
   (You found it on level 8 of the Dungeon)
 w - a wand of polymorph (10)
   (You took it off Crazy Yiuf on level 4 of the Dungeon)
 A - a wand of disintegration (14)
   (You took it off an orc on level 9 of the Dungeon)
 F - a wand of flame (9)
   (You found it on level 1 of the Lair of Beasts)
 G - a wand of acid (7)
   (You found it on level 1 of the Lair of Beasts)
 H - a wand of iceblast (10)
   (You found it on level 1 of the Lair of Beasts)
Scrolls
 b - 3 scrolls of immolation
 d - 5 scrolls of remove curse
 f - 6 scrolls of teleportation
 g - 2 scrolls of amnesia
 r - a scroll of fear {unknown}
 y - a scroll of summoning {unknown}
 E - a scroll of fog
 I - a scroll of holy word {unknown}
Potions
 e - 5 potions of curing
 n - 2 potions of ambrosia
 o - 3 potions of heal wounds
 s - 2 potions of haste
 t - a potion of flight
 v - 3 potions of might
 x - 3 potions of brilliance
 C - a potion of agility {unknown}
Comestibles
 c - 25 rations


   Skills:
 + Level 8.5 Fighting
 + Level 11.7 Dodging
 - Level 2.0 Stealth
 * Level 9.0 Unarmed Combat
 - Level 3.0 Spellcasting
 - Level 9.0 Transmutations
 - Level 2.7 Ice Magic
 - Level 5.0 Invocations
 - Level 5.7 Evocations


You couldn't memorise any spells.
You knew the following spells:

 Your Spells              Type           Power        Failure   Level  Hunger
a - Beastly Appendage     Tmut           #####.       1%          1    None
b - Sticks to Snakes      Tmut           #####...     1%          2    ##.....
c - Spider Form           Tmut/Pois      ###.......   6%          3    ###....
d - Ice Form              Ice/Tmut       ####....     11%         4    ####...
e - Blade Hands           Tmut           #####.....   9%          5    ######.

Your spell library contained the following spells:

 Spells                   Type           Power        Failure   Level  Hunger
 Ensorcelled Hibernation  Hex/Ice        #.....       11%         2    ##.....
 Corona                   Hex            #......      12%         1    None
 Flame Tongue             Conj/Fire      #....        12%         1    None
 Throw Flame              Conj/Fire      #.....       19%         2    ##.....
 Confuse                  Hex            #.......     36%         3    ###....
 Conjure Flame            Conj/Fire      #.......     36%         3    ###....
 Dazzling Spray           Conj/Hex       #.....       36%         3    ###....
 Inner Flame              Hex/Fire       #.......     36%         3    ###....
 Tukima's Dance           Hex            #.......     36%         3    ###....
 Yara's Violent Unravell  Hex/Tmut       ###.......   47%         5    ######.
 Cause Fear               Hex            #.........   77%         4    ####...
 Sticky Flame             Conj/Fire      #.......     77%         4    ####...
 Fireball                 Conj/Fire      #.........   98%         5    ######.
 Silence                  Hex/Air        #.........   98%         5    ######.
 Deflect Missiles         Chrm/Air       #.........   100%        6    #######
 Discord                  Hex            #.........   100%        8    #######


Dungeon Overview and Level Annotations

Branches:
Dungeon (10/15)            Temple (1/1) D:4            Lair (2/6) D:10
  Swamp (0/4) Lair:2        Snake (0/4) Lair:2          Orc (0/2) D:9

Altars:
Ashenzari
Cheibriados
Dithmenos
Elyvilon
Fedhas
Gozag
Hepliaklqana
Kikubaaqudgha
Makhleb
Nemelex Xobeh
Okawaru
Qazlal
Ru
Sif Muna
Trog
Uskayaw
Vehumet
Wu Jian
Xom
Yredelemnul
Zin
The Shining One

Shops:
D:9 :

Annotations:
D:6 exclusion: door
D:8 exclusions: 3 iron imps and 7 more exclusions
D:9 3 runed translucent doors, Zaque's ghost, novice TrHu


Innate Abilities, Weirdness & Mutations

You cannot wear armour.
You are incapable of wielding weapons or throwing items.
Your paws allow you to move quietly. (Stealth)
((You have sharp claws.))
((You have razor-sharp teeth.))
You have supernaturally acute eyesight. (SInv)
You are carnivorous and can eat meat at any time.
((You cover ground quickly.))
((You are covered in thick fur. (AC +2)))
You have a slow metabolism.
((Your sharp claws are effective at attacking unaware monsters.))


Message History

The black bear is moderately wounded.
The polar bear growls angrily.
You hit the black bear. You freeze the black bear.
The black bear is heavily wounded.
The black bear misses you.
The black bear claws you but does no damage.
The black bear claws you.
You pummel the black bear!! You freeze the black bear.
You kill the black bear!
Makhleb accepts your kill.
You feel better.
A black bear comes into view.
The polar bear bites you!
The polar bear claws you but does no damage.
The polar bear misses you.
You see here a hippogriff corpse.
You pummel the polar bear!! You freeze the polar bear.
The polar bear is heavily wounded.
The polar bear misses you. x2; The polar bear claws you.
You hit the polar bear. You freeze the polar bear.
The polar bear is severely wounded.
You punch the polar bear! You freeze the polar bear.
The polar bear is almost dead.
The polar bear goes berserk!
You hit the polar bear. You freeze the polar bear.
The polar bear is almost dead.
The polar bear bites you!!
* * * LOW HITPOINT WARNING * * *
The polar bear claws you.
* * * LOW HITPOINT WARNING * * *
The polar bear claws you.
* * * LOW HITPOINT WARNING * * *
The black bear bites you but does no damage.
The black bear barely misses you. The black bear misses you.
You completely miss the polar bear.
The polar bear is almost dead.
The polar bear barely misses you. The polar bear misses you.
The polar bear claws you.
* * * LOW HITPOINT WARNING * * *
The black bear closely misses you. The black bear barely misses you.
The black bear claws you but does no damage.
The polar bear closely misses you. The polar bear misses you.
The polar bear barely misses you.
You barely miss the polar bear.
The polar bear is almost dead.
The black bear misses you. The black bear closely misses you.
The black bear completely misses you. The polar bear bites you.
* * * LOW HITPOINT WARNING * * *
The polar bear claws you.
You die...

.............#
............#
##.........#
#..........# #.
#..........#
... #......P##
#...#.......P#
#..#..†...###
#...hY....##
#...#h...#†.#
#.. #...##..##
. #....##.P#
##.P###..#
#..###.###
##..##...P#
#..##.....####
#...........^##


You could see a polar bear (berserk) and a black bear.

Vanquished Creatures
  Erolcha (D:9)
  Harold (D:10)
  A hydra (Lair:1)
  2 two-headed ogres
  Joseph (Lair:1)
  3 spiny frogs
  A rime drake (Lair:1)
  A komodo dragon (Lair:1)
  A red devil (D:8)
  A polar bear (Lair:2)
  A troll (D:10)
  3 hippogriffs
  3 blink frogs (Lair:2)
  A spriggan (D:7)
  A basilisk (Lair:1)
  2 vampire mosquitoes (Lair:1)
  Menkaure (D:5)
  3 wargs (D:10)
  A soldier ant (D:10)
  A porcupine (Lair:1)
  3 orc warriors
  4 sky beasts
  2 phantoms
  2 ice beasts
  3 black bears
  An eye of draining (D:10)
  4 ogres
  5 centaurs
  A crocodile (Lair:1)
  3 big kobolds
  3 bullfrogs
  2 wyvern skeletons
  3 scorpions
  9 wights
  4 crimson imps
  An electric eel (Lair:2)
  2 howler monkeys
  A bullfrog zombie (D:5)
  A jelly (D:8)
  2 centaur skeletons
  5 orc priests
  3 hounds
  An iguana (D:10)
  7 orc wizards
  5 worker ants
  A killer bee zombie (D:10)
  A hound skeleton (D:4)
  Robin (D:2)
  6 gnolls
  A howler monkey skeleton (D:7)
  10 adders
  2 shadow imps
  2 adder skeletons
  3 worms
  2 dart slugs
  2 leopard geckos
  30 orcs
  A ball python (D:3)
  5 giant cockroaches
  11 goblins
  8 hobgoblins
  19 jackals
  24 kobolds
  5 quokkas
  5 bats
  5 frilled lizards
  A jackal skeleton (D:4)
  A quokka skeleton (D:9)
  6 rats
259 creatures vanquished.

Vanquished Creatures (collateral kills)
  A hydra (Lair:1)
  An ogre (D:8)
  Crazy Yiuf (D:4)
  A centaur zombie (D:5)
  A worker ant (D:5)
  An adder (D:3)
6 creatures vanquished.

Vanquished Creatures (others)
  2 fungi (Lair:1)
  A plant (Lair:1)
3 creatures vanquished.

Grand Total: 268 creatures vanquished

Notes
Turn   | Place    | Note
-------+----------+-------------------------------------------
     0 | D:1      | Flugkiller the Felid Transmuter began the quest for the
                  | Orb.
     0 | D:1      | Reached XP level 1. HP: 9/9 MP: 4/4
   478 | D:1      | Reached XP level 2. HP: 12/12 MP: 6/6
   482 | D:1      | Learned a level 2 spell: Sticks to Snakes
  1426 | D:2      | Found a blossoming altar of Fedhas.
  1455 | D:2      | Reached XP level 3. HP: 11/16 MP: 2/7
  1833 | D:2      | Reached skill level 1 in Stealth
  2465 | D:2      | Noticed Robin
  2478 | D:2      | Learned a level 3 spell: Spider Form
  2991 | D:2      | Found a blossoming altar of Fedhas.
  3026 | D:2      | Killed Robin
  3026 | D:2      | Reached XP level 4. HP: 19/19 MP: 4/8
  3744 | D:3      | Reached XP level 5. HP: 22/22 MP: 9/9
  4390 | D:3      | Found a snail-covered altar of Cheibriados.
  4926 | D:3      | Reached skill level 5 in Unarmed Combat
  5066 | D:4      | Reached skill level 3 in Dodging
  5198 | D:4      | Gained mutation: You are covered in thick fur. (AC +2)
                  | [Felid growth]
  5198 | D:4      | Reached XP level 6. HP: 27/27 MP: 6/10
  5549 | D:4      | Found a staircase to the Ecumenical Temple.
  5555 | Temple   | Entered the Ecumenical Temple
  5657 | Temple   | Became a worshipper of Makhleb the Destroyer
  5739 | D:4      | Found a shimmering blue altar of Sif Muna.
  5739 | D:4      | Found a hide-covered altar of Uskayaw.
  5740 | D:4      | Found a radiant altar of Vehumet.
  5771 | D:4      | Found a runed translucent door.
  5772 | D:4      | Noticed Crazy Yiuf
  6046 | D:4      | Reached skill level 4 in Dodging
  6409 | D:4      | Killed Crazy Yiuf
  6454 | D:5      | Entered Level 5 of the Dungeon
  6463 | D:5      | Reached skill level 5 in Dodging
  6813 | D:5      | Reached XP level 7. HP: 31/31 MP: 6/11
  6888 | D:5      | Reached skill level 6 in Dodging
  7391 | D:5      | Noticed Menkaure
  7987 | D:5      | Reached skill level 5 in Transmutations
  8166 | D:5      | Killed Menkaure
  8667 | D:6      | Reached XP level 8. HP: 34/34 MP: 7/13
  8852 | D:6      | Found an opulent altar of Gozag.
  8938 | D:6      | Reached * piety under Makhleb
  9577 | D:6      | Found a shimmering blue altar of Sif Muna.
  9951 | D:7      | Reached skill level 1 in Invocations
 10031 | D:7      | Found an ornate altar of the Wu Jian Council.
 11165 | D:7      | Reached skill level 5 in Fighting
 11165 | D:7      | Reached XP level 9. HP: 25/40 MP: 14/14
 11172 | D:7      | Learned a level 5 spell: Blade Hands
 11363 | D:8      | Noticed a red devil
 11865 | D:8      | Noticed an orange demon
 11865 | D:8      | Noticed a two-headed ogre
 11870 | D:8      | Found a basalt altar of Yredelemnul.
 12444 | D:8      | Killed a two-headed ogre
 12444 | D:8      | Reached skill level 7 in Dodging
 12861 | D:9      | Noticed Erolcha
 12868 | D:9      | Killed Erolcha
 12868 | D:9      | Reached skill level 8 in Dodging
 12868 | D:9      | Reached XP level 10. HP: 46/46 MP: 15/15
 13738 | D:9      | Reached ** piety under Makhleb
 13770 | D:9      | Noticed a two-headed ogre
 14098 | D:9      | Found a runed translucent gate.
 14098 | D:9      | Found a runed translucent gate.
 14098 | D:9      | Found a runed translucent gate.
 14101 | D:9      | Noticed Zaque's ghost (novice TrHu)
 14163 | D:9      | Reached skill level 9 in Dodging
 14320 | D:9      | Found a white marble altar of Elyvilon.
 14426 | D:9      | Noticed a two-headed ogre
 14556 | D:9      | Killed a two-headed ogre
 14574 | D:9      | Found a staircase to the Orcish Mines.
 14623 | D:9      | Found Ingie's Book Shoppe.
 14899 | D:9      | Reached skill level 10 in Dodging
 15149 | D:10     | Entered Level 10 of the Dungeon
 15206 | D:10     | Found a staircase to the Lair.
 15362 | D:10     | Reached skill level 11 in Dodging
 15405 | D:10     | Reached *** piety under Makhleb
 15507 | D:10     | Identified a scroll of acquirement
 15510 | D:10     | Got a vibrating brass ring
 15742 | D:10     | Reached skill level 5 in Invocations
 15763 | D:10     | Noticed Harold
 15774 | D:10     | Killed Harold
 15774 | D:10     | Reached XP level 11. HP: 28/51 MP: 16/16
 16584 | Lair:1   | Entered Level 1 of the Lair of Beasts
 16589 | Lair:1   | Noticed a four-headed hydra
 16610 | Lair:1   | Learned a level 4 spell: Ice Form
 16646 | Lair:1   | HP: 3/61 [four-headed hydra (13)]
 16646 | Lair:1   | Mangled by a four-headed hydra
 16647 | Lair:1   | Reached XP level 10. HP: -9/57 MP: 24/24
 16647 | Lair:1   | Noticed a spiny frog
 17000 | Lair:1   | Killed a spiny frog
 17124 | Lair:1   | Noticed Joseph
 17130 | Lair:1   | Noticed an eight-headed hydra
 17144 | Lair:1   | Killed an eight-headed hydra
 17144 | Lair:1   | Reached skill level 5 in Evocations
 17248 | Lair:1   | Killed a spiny frog
 17248 | Lair:1   | Reached skill level 1 in Ice Magic
 17324 | Lair:1   | Killed a four-headed hydra
 17656 | Lair:1   | Shot with a sling bullet by Joseph
 17657 | Lair:1   | Reached XP level 9. HP: 0/44 MP: 20/23
 17944 | Lair:1   | Killed Joseph
 18044 | Lair:1   | Identified the ring of Jitoes {rCorr Str+3 Stlth+} (You
                  | acquired it on level 10 of the Dungeon)
 18094 | Lair:2   | Reached XP level 10. HP: 18/48 MP: 12/15
 18299 | Lair:2   | Noticed a spiny frog
 18477 | Lair:2   | Found a staircase to the Swamp.
 18491 | Lair:2   | Killed a spiny frog
 18642 | Lair:2   | Found a staircase to the Snake Pit.
 18714 | Lair:2   | HP: 2/58 [polar bear (2)]
 18714 | Lair:2   | Slain by a polar bear

Levels and vault maps discovered:
D:1:      minmay_arrival_wavy_path, layout_loops_corners
D:2:      layout_loops_ring, fedhas_altar_3, uniq_robin
D:3:      layout_loops_corners, cheibriados_altar_1, first_ration
D:4:      layout_gridville, gammafunk_temple_overflow_forgotten,
          minmay_temple_entry_hall, uniq_crazy_yiuf_cottage
D:5:      layout_loops_cross, item_on_display_a, uniq_menkaure
D:6:      layout_loops_ring, grunt_gozag_breadcrumbs, led_sif_book
D:7:      layout_loops_corners, lemuel_doored_altar, the_bakery,
          grunt_tough_drop
D:8:      layout_basic, lemuel_hellish_altar
D:9:      layout_basic, lemuel_round_altar, orc_0_dummy,
          gammafunk_ghost_spectres, serial_shops, shop, kennysheep_small_spiral,
          uniq_erolcha
D:10:     layout_irregular_city, erik_lair_orcish_takeover, serial_column_ruins,
          column_ruins_hut_ruined, column_ruins_open_small,
          column_ruins_open_tiny, column_ruins_open_small, uniq_harold
Temple:   eino_temple_lava
Lair:1:   layout_loops_ring, uniq_joseph
Lair:2:   beast_lair_carwin_large_3, layout_cave_pods, minmay_swamp_entry_swarm,
          guppyfry_snake_entry_island

Skill      XL: |  1  2  3  4  5  6  7  8  9 10 |
---------------+-------------------------------+-----
Unarmed Combat | 4 5 6 9 |  9.0
Fighting       | 2 3 5 6 8 |  8.5
Stealth        | 2 |  2.0
Transmutations | 4 6 8 9 |  9.0
Dodging        | 3 5 6 8 11 | 11.7
Spellcasting   | 3 |  3.0
Invocations    | 3 5 |  5.0
Evocations     | 5 |  5.7
Ice Magic      | 2 |  2.7

Action                   |  1- 3 |  4- 6 |  7- 9 | 10-12 || total
-------------------------+-------+-------+-------+-------++-------
Melee: Unarmed           |   124 |   184 |   339 |   324 ||   971
       Bite              |     9 |    11 |    22 |    29 ||    71
       Headbutt          |     8 |     3 |     5 |       ||    16
       Punch             |     1 |     1 |     2 |     4 ||     8
 Cast: Beastly Appendage |    12 |     8 |     5 |       ||    25
       Sticks to Snakes  |     4 |    13 |    23 |     1 ||    41
       Spider Form       |     1 |     7 |    22 |       ||    30
       Blade Hands       |       |       |     1 |    28 ||    29
       Ice Form          |       |       |     1 |     6 ||     7
Invok: Minor Destruction |       |       |       |    14 ||    14
       Lesser Servant of |       |       |       |     3 ||     3
 Abil: Evoke Berserk Rag |       |     5 |    11 |     8 ||    24
       End Transformatio |       |       |     1 |     1 ||     2
Evoke: Wand              |       |       |       |     4 ||     4
  Use: Scroll            |     2 |     5 |     9 |     3 ||    19
       Potion            |       |     1 |     1 |     2 ||     4
 Stab: Sleeping          |     3 |    14 |     7 |     9 ||    33
       Distracted        |       |       |     1 |       ||     1
  Eat: Chunk             |    11 |    14 |    29 |    24 ||    78
       Ration            |       |       |       |     1 ||     1
Armor: Skin              |     5 |     8 |    13 |    18 ||    44
Dodge: Dodged            |    93 |   136 |   270 |   289 ||   788

Table legend:
 A = Non-vault XP
 B = Vault XP
 C = Vault XP percentage of total XP
 D = Non-vault monster count
 E = Vault monster count
 F = Vault count percentage of total count
                 A         B        C        D         E       F
            +---------+---------+-------+---------+---------+-------
      Total |   13570 |    4878 |  26.4 |     236 |      29 |  10.9
            +---------+---------+-------+---------+---------+-------
        D:1 |      29 |       0 |   0.0 |      17 |       0 |   0.0
        D:2 |      45 |      29 |  39.2 |      13 |       8 |  38.1
        D:3 |     158 |       0 |   0.0 |      35 |       0 |   0.0
        D:4 |     313 |      21 |   6.3 |      16 |       1 |   5.9
        D:5 |     561 |     172 |  23.5 |      20 |       1 |   4.8
        D:6 |     378 |       0 |   0.0 |      11 |       0 |   0.0
        D:7 |    1002 |     500 |  33.3 |      16 |       4 |  20.0
        D:8 |    1376 |     346 |  20.1 |      23 |       1 |   4.2
        D:9 |    2823 |     990 |  26.0 |      43 |       1 |   2.3
       D:10 |    2022 |    1453 |  41.8 |      27 |       7 |  20.6
     Lair:1 |    3372 |     814 |  19.4 |       9 |       3 |  25.0
     Lair:2 |    1491 |     553 |  27.1 |       6 |       3 |  33.3
            +---------+---------+-------+---------+---------+-------
